 Dungeon Crawl Stone Soup version 0.27-a0-860-gaf99fae3ca (webtiles) character file.

Game seed: 9454968744172710151

289 snetch the Chopper (level 6, -2/53 HPs)
             Began as a Hill Orc Monk on Mar 31, 2021.
             Was a Believer of Beogh.
             Slain by Grinder (6 damage)
             ... on level 3 of the Dungeon on Apr 1, 2021.
             The game lasted 00:14:20 (4626 turns).

snetch the Chopper (Hill Orc Monk)                  Turns: 4626, Time: 00:14:20

Health: -2/53      AC:  8    Str: 16    XL:     6   Next: 31%
Magic:  6/6        EV:  7    Int: 10    God:    Beogh [**....]
Gold:   251        SH:  0    Dex: 13    Spells: 5/5 levels left

rFire    . . .     SeeInvis .   a - +0 hand axe
rCold    . . .     Faith    .   (no shield)
rNeg     . . .     Spirit   .   e - +0 chain mail
rPois    .         Reflect  .   (no helmet)
rElec    .         Harm     .   (no cloak)
rCorr    .         Rampage  .   (no gloves)
Will     .....                  (no boots)
Stlth    ..........             (no amulet)
HPRegen  0.17/turn              (no ring)
MPRegen  0.10/turn              (no ring)

@: slowed, very slow
A: no striking features
a: Renounce Religion, Smiting


You were on level 3 of the Dungeon.
You worshipped Beogh.
Beogh was pleased with you.
You visited 1 branch of the dungeon, and saw 4 of its levels.
You also visited: Sewer.

You collected 251 gold pieces.

Inventory:

Hand Weapons
 a - a +0 hand axe (weapon)
 b - a +5 hunting sling
 m - a +0 hand axe
 o - a +0 rapier
Missiles
 f - 60 stones (quivered)
 i - 10 poisoned darts
 l - 58 arrows
 y - 9 sling bullets
Armour
 e - a +0 chain mail (worn)
 n - a +0 ring mail
 p - a +0 ring mail
 s - a +0 buckler
 u - a +0 plate armour
Jewellery
 g - a ring of wizardry
Scrolls
 c - 2 scrolls of teleportation
 d - a scroll of enchant armour {unknown}
 j - a scroll of enchant weapon
 k - a scroll of amnesia {unknown}
 q - a scroll of holy word {unknown}
 r - a scroll of brand weapon {unknown}
 t - a scroll of magic mapping {unknown}
 x - a scroll of fog {unknown}
Potions
 h - 4 potions of flight
 v - a potion of degeneration {unknown}
 w - a potion of curing {unknown}


   Skills:
 + Level 4.7 Fighting
 + Level 6.7 Axes
 + Level 1.1 Slings
 + Level 2.7 Armour
 + Level 2.8 Dodging
 + Level 1.7 Stealth


You had 5 spell levels left.
You didn't know any spells.
Your spell library contained the following spells:

 Spells                   Type           Power      Damage    Failure   Level
 Magic Dart               Conj           0%         1d3       100%        1
 Blink                    Tloc           N/A        N/A       100%        2
 Call Imp                 Summ           0%         N/A       100%        2
 Slow                     Hex            0%         N/A       100%        2
 Conjure Flame            Conj/Fire      0%         6-21      100%        3
 Mephitic Cloud           Conj/Pois/Air  0%         N/A       100%        3


Dungeon Overview and Level Annotations

Branches:
Dungeon (4/15)             Temple (0/1) D:4           Sewer (visited)

Altars:
Ru
Trog
Vehumet
Zin
The Shining One

Shops:
D:1 [

Annotations:
D:3 8 neutral orcs, Grinder, Natasha


Message History

You barely miss Natasha.
Natasha is moderately wounded.
You closely miss the quokka.
You hit the shadow imp but do no damage.
Natasha claws you. The shadow imp hits you.
The quokka bites you but does no damage.
Unknown command.
You aren't carrying any items that you can evoke.
As you read the scroll labelled ZISIAM JYKLACE UHY, it crumbles to dust.
It is a scroll of enchant weapon.
Your +4 hunting sling glows red for a moment.
The crimson imp disappears in a puff of smoke!
Natasha claws you. The quokka bites you. The shadow imp barely misses you.
You barely miss Natasha.
Natasha is moderately wounded.
You closely miss the shadow imp. You barely miss the quokka.
Natasha stares at you and mumbles some strange words.
You feel yourself slow down.
The quokka bites you but does no damage.
Unknown command.
As you read the scroll of teleportation, it crumbles to dust.
You feel strangely unstable. Natasha closely misses you.
The quokka closely misses you. The quokka bites you. Natasha claws you!
* * * LOW HITPOINT WARNING * * *
The iron imp hits you.
* * * LOW HITPOINT WARNING * * *
Natasha claws you.
* * * LOW HITPOINT WARNING * * *
The quokka bites you but does no damage.
Unknown command.
Natasha wildly gestures.
Natasha's front paws start to glow.
Natasha mumbles some strange words.
The shadow imp grins evilly.
Unknown command.
Your surroundings suddenly seem different.
Grinder comes into view.
Grinder shouts!
Grinder hits you.
You die...

##################
.....>..........@#
################5#
#.# #.# #.# #.#
######### #.#
.....)..# #.#
###..##.#


You could see Grinder.

Vanquished Creatures
  Jessica (D:3)
  A merfolk siren (Sewer)
  A scorpion zombie (D:2)
  A merfolk avatar (Sewer)
  3 river rats (Sewer)
  6 adders
  A worm (D:2)
  4 dart slugs
  5 bats
  8 endoplasms
  6 giant cockroaches
  11 goblins
  5 hobgoblins
  7 jackals
  4 kobolds
  2 quokkas
  8 ball pythons
  7 frilled lizards
  25 rats
106 creatures vanquished.

Vanquished Creatures (others)
  2 jackals (D:3)
2 creatures vanquished.

Grand Total: 108 creatures vanquished

Notes
Turn   | Place    | Note
-------+----------+-------------------------------------------
     0 | D:1      | snetch the Hill Orc Monk began the quest for the Orb.
     0 | D:1      | Reached XP level 1. HP: 19/19 MP: 1/1
     6 | D:1      | Noticed a swamp drake
     6 | D:1      | Noticed a black bear
     6 | D:1      | Noticed an iguana
     7 | D:1      | Noticed a black mamba
     7 | D:1      | Noticed a redback
   225 | D:1      | Reached XP level 2. HP: 23/27 MP: 2/2
   310 | D:1      | Found Poax's Antique Armour Shop.
   802 | D:1      | Reached XP level 3. HP: 32/33 MP: 3/3
  1642 | D:2      | Reached skill level 5 in Axes
  1741 | D:2      | Reached skill level 1 in Armour
  1741 | D:2      | Reached XP level 4. HP: 21/40 MP: 4/4
  2332 | D:4      | Found a staircase to the Ecumenical Temple.
  2373 | D:4      | Found a glowing silver altar of Zin.
  2374 | D:4      | Found a glowing golden altar of the Shining One.
  2376 | D:4      | Found a sacrificial altar of Ru.
  2378 | D:4      | Found a radiant altar of Vehumet.
  2379 | D:4      | Found a bloodstained altar of Trog.
  2475 | D:4      | Found a glowing drain.
  2486 | Sewer    | Entered a sewer
  2622 | Sewer    | Reached XP level 5. HP: 47/47 MP: 5/5
  2670 | Sewer    | Reached skill level 6 in Axes
  2863 | Sewer    | Reached skill level 1 in Slings
  3101 | Sewer    | Noticed a malarious merfolk avatar
  3127 | Sewer    | Killed a malarious merfolk avatar
  3133 | Sewer    | Reached XP level 6. HP: 11/53 MP: 6/6
  3531 | Sewer    | Upgraded the game from 0.27-a0-836-gfc908b8576 to
                  | 0.27-a0-860-gaf99fae3ca
  4241 | D:3      | Noticed Jessica
  4250 | D:3      | Killed Jessica
  4413 | D:3      | Became a worshipper of Beogh the Brigand
  4413 | D:3      | Reached * piety under Beogh
  4413 | D:3      | Reached ** piety under Beogh
  4609 | D:3      | Noticed Natasha
  4626 | D:3      | Noticed Grinder
  4626 | D:3      | Slain by Grinder

Illustrated notes

Levels and vault maps discovered:
D:1:      onia_arrival_zoo_common, layout_basic, serial_shops, shop_coins,
          kennysheep_crisscross, st_stairs_14, serial_bayou_pond_d,
          moated_statue
D:2:      layout_basic
D:3:      layout_basic, serial_curves, eino_curves_02, eino_curves_04,
          minmay_misc_feat_square, uniq_jessica, uniq_grinder, uniq_natasha
D:4:      layout_loops_cross, lemuel_round_altar, grunt_temple_overflow_open,
          minmay_temple_entry_tees, portal_sewer_entry_d, kennysheep_orc_chapel

Skill      XL: |  1  2  3  4  5 |
---------------+----------------+-----
Fighting       | 4 |  4.7
Axes           | 5 6 |  6.7
Armour         | 1 2 |  2.7
Slings         | 1 |  1.1
Dodging        | |  2.8
Stealth        | |  1.7

Action                   |  1- 3 |  4- 6 || total
-------------------------+-------+-------++-------
Melee: Hand axe          |   156 |   253 ||   409
 Fire: Hunting sling     |       |    24 ||    24
Invok: Convert to Beogh  |       |     1 ||     1
  Use: Potion            |       |     2 ||     2
       Scroll            |       |     2 ||     2
 Stab: Sleeping          |     1 |       ||     1
       Distracted        |       |     1 ||     1
Armor: Robe              |     4 |       ||     4
       Chain mail        |    94 |   170 ||   264
Dodge: Dodged            |    58 |    85 ||   143

Table legend: (Time is in decaauts)
 A = Elapsed time spent in this place.
 B = Non-inter-level travel time spent in this place.
 C = Inter-level travel time spent in this place.
 D = Time resting spent in this place.
 E = Time spent auto-exploring this place.
 F = Levels seen in this place.
 G = Mean time per level.
                   A        B        C        D        E       F      G
               +--------+--------+--------+--------+--------+-----+--------+
         Total |   4707 |   4513 |    194 |      0 |   3338 |   5 |  941.4 |
       Dungeon |   3604 |   3410 |    194 |      0 |   2615 |   4 |  901.0 |
         Sewer |   1103 |   1103 |      0 |      0 |    722 |   1 | 1103.0 |
               +--------+--------+--------+--------+--------+-----+--------+

Top non-repeatable levels by time:
     D:1: 1616 daAuts
     D:2: 1188 daAuts
   Sewer: 1103 daAuts
     D:3: 552 daAuts
     D:4: 246 daAuts
